 Dungeon Crawl Stone Soup version 0.24.0-123-gd5b16e6ec5 (webtiles) character file.

Game seed: 9831151205202414080, levelgen mode: deterministic

81 Descartes the Scratcher (level 4, -6/19 HPs)
             Began as a Felid Transmuter on Feb 12, 2020.
             Mangled by an ogre
             ... wielding a +0 giant club
              (14 damage)
             ... on level 2 of the Dungeon.
             The game lasted 00:06:33 (4476 turns).

Descartes the Scratcher (Felid Transmuter)          Turns: 4476, Time: 00:06:33

Health: -6/19      AC:  1    Str:  7    XL:     4   Next: 19%
Magic:  8/8        EV: 19    Int: 14    God:
Gold:   117        SH:  0    Dex: 16    Spells: 6/7 levels left
                                        Lives:  0   Deaths: 1

rFire    . . .     SeeInvis +     - Unarmed
rCold    . . .     Gourm    .   (shield unavailable)
rNeg     . . .     Faith    .   (armour unavailable)
rPois    .         Spirit   .   (helmet unavailable)
rElec    .         Reflect  .   (cloak unavailable)
rCorr    .         Harm     .   (gloves unavailable)
MR       .....                  (boots unavailable)
Stlth    +++.......             (no amulet)
HPRegen  0.06/turn              (no ring)
MPRegen  0.11/turn              (no ring)

@: quick
A: very small, no armour, no weapons or thrown items, stealth, claws 1, fangs 3,
see invisible, carnivore, speed 1, shaggy fur 1, slow metabolism 1, sharp paws
a: no special abilities


You were on level 2 of the Dungeon.
You were full.

You visited 1 branch of the dungeon, and saw 3 of its levels.

You collected 117 gold pieces.

Inventory:

Missiles
 a - 72 arrows
 k - 72 stones
Jewellery
 s - an uncursed ring of flight
Wands
 t - a wand of flame (13)
Scrolls
 b - 3 scrolls of identify {unknown}
 e - a scroll of fog {unknown}
 g - a scroll of blinking {unknown}
 l - a scroll of amnesia {unknown}
 n - 3 scrolls of remove curse {unknown}
 o - a scroll of random uselessness {unknown}
 p - a scroll of teleportation {unknown}
 r - a scroll of enchant armour {unknown}
Potions
 d - a potion of haste {unknown}
 f - a potion of degeneration {unknown}
 h - a potion of flight {unknown}
 i - a potion of ambrosia {unknown}
 j - a potion of berserk rage {unknown}
 m - a potion of resistance {unknown}
 q - a potion of invisibility {unknown}
Comestibles
 c - 7 rations


   Skills:
 - Level 1.0 Fighting
 + Level 4.1 Dodging
 + Level 2.8 Stealth
 * Level 4.4 Unarmed Combat
 - Level 2.1 Spellcasting
 - Level 2.1 Transmutations


You had 6 spell levels left.
You knew the following spells:

 Your Spells              Type           Power        Failure   Level  Hunger
a - Beastly Appendage     Tmut           #.....       10%         1    ##.....

Your spell library contained the following spells:

 Spells                   Type           Power        Failure   Level  Hunger
 Sticks to Snakes         Tmut           #.......     14%         2    ###....
 Spider Form              Tmut/Pois      #.........   41%         3    ####...
 Ice Form                 Ice/Tmut       #.......     83%         4    #####..
 Blade Hands              Tmut           #.........   95%         5    ######.


Dungeon Overview and Level Annotations

Branches:
Dungeon (3/15)

Altars:
Gozag
Makhleb
Nemelex Xobeh
Okawaru
Sif Muna


Innate Abilities, Weirdness & Mutations

You cannot wear armour.
You are incapable of wielding weapons or throwing items.
Your paws allow you to move quietly. (Stealth)
You have sharp claws.
You have razor-sharp teeth.
You have supernaturally acute eyesight. (SInv)
You are carnivorous and can eat meat at any time.
You cover ground quickly.
You are covered in fur. (AC +1)
You have a slow metabolism.
Your sharp claws are effective at attacking unaware monsters.


Message History

You climb downwards.
The orc closely misses you.
There is a stone staircase leading up here.
The orc misses you. The ogre completely misses you.
You climb upwards.
There is a stone staircase leading down here.
You closely miss the orc. The orc completely misses you.
The ogre completely misses you.
You scratch the orc. You claw the orc, but do no damage.
The orc is moderately wounded.
The orc closely misses you.
You closely miss the orc.
The orc is moderately wounded.
The ogre hits you with a +0 giant club!
Ouch! That really hurt!
The orc closely misses you.
You claw the orc!
You kill the orc!
The ogre hits you with a +0 giant club!
Ouch! That really hurt!
You die...

#....g..g.# #.#######.#
######## ########.# #.#
#......# #.....)#.## ##.#
##..#.#.# #.#.......#####...
#...#...###......[g.........
#.#####.....###.##########..
#...#...###O###.#........#..
##..#.#.# #@)...#.######.#..
#......# #####.#.#....#.#..
###.##########.#.#.##.#.#..
#.# #......#.#.#[.#.#..
##.## #......#.#.#..#.#..
#...# #......#.#.####.#.#
#.#.# #......#.#......#.#
###...## #......#.########.#
#......# #.................#


You could see an ogre.

Vanquished Creatures
  An adder (D:2)
  5 gnolls
  2 worms (D:2)
  3 dart slugs (D:3)
  A leopard gecko (D:3)
  3 orcs
  A ball python (D:2)
  A giant cockroach (D:2)
  5 goblins
  5 hobgoblins
  3 jackals (D:3)
  3 quokkas (D:2)
  5 bats
  A frilled lizard (D:2)
  7 kobolds
  7 rats
53 creatures vanquished.

Notes
Turn   | Place    | Note
-------+----------+-------------------------------------------
     0 | D:1      | Descartes the Felid Transmuter began the quest for the Orb.
     0 | D:1      | Reached XP level 1. HP: 9/9 MP: 4/4
   850 | D:1      | Reached XP level 2. HP: 9/12 MP: 6/6
  1388 | D:2      | Reached skill level 1 in Stealth
  1711 | D:2      | Found an iron altar of Okawaru.
  1774 | D:2      | Found an opulent altar of Gozag.
  1774 | D:2      | Found a sparkling altar of Nemelex Xobeh.
  1874 | D:2      | Reached XP level 3. HP: 12/15 MP: 7/7
  2317 | D:2      | Found a shimmering blue altar of Sif Muna.
  2438 | D:3      | Found an iron altar of Okawaru.
  2961 | D:3      | Reached XP level 4. HP: 17/19 MP: 8/8
  2982 | D:3      | Slain by a gnoll
  2983 | D:3      | Reached XP level 3. HP: 0/15 MP: 7/7
  2983 | D:3      | Found a burning altar of Makhleb.
  3859 | D:3      | Reached XP level 4. HP: 19/19 MP: 8/8
  4224 | D:3      | Noticed an ogre
  4476 | D:2      | Mangled by an ogre

Levels and vault maps discovered:
D:1:      nagdon_arrival_zigzag_paths, layout_loops_ring, hangedman_decor_push
D:2:      layout_loops_cross, grunt_temple_overflow_opulence,
          lemuel_blue_sif_altar, minivault_5, okawaru_metal_pillars_1_2
D:3:      layout_rooms, lemuel_crystal_altar, elyvilon_altar_1,
          nicolae_overflow_crystal_walls, first_ration, kennysheep_donut

Skill      XL: |  1  2  3 |
---------------+----------+-----
Dodging        | 3 4 |  4.1
Stealth        | 1 2 |  2.8
Unarmed Combat | 4 |  4.4
Fighting       | |  1.0
Spellcasting   | |  2.1
Transmutations | |  2.1

Action                   |  1- 3 |  4- 6 || total
-------------------------+-------+-------++-------
Melee: Unarmed           |   165 |    27 ||   192
       Bite              |    11 |     4 ||    15
       Punch             |     1 |     1 ||     2
 Cast: Beastly Appendage |     1 |       ||     1
 Stab: Sleeping          |     7 |       ||     7
  Eat: Chunk             |    13 |     3 ||    16
Armor: Skin              |     7 |     1 ||     8
Dodge: Dodged            |   113 |    40 ||   153
